[Event "42nd Olympiad Baku 2016 Women"]
[Site "Baku"]
[Date "2016.09.08"]
[Round "6.21"]
[White "Harika, Dronavalli"]
[Black "Reizniece-Ozola, Dana"]
[Result "1-0"]
[ECO "B06"]
[WhiteElo "2542"]
[BlackElo "2243"]
[Annotator ""]
[PlyCount "51"]
[EventDate "2016.??.??"]
[EventType "team-tourn"]
[EventCountry "AZE"]
[SourceTitle "playchess.com"]
[Source "ChessBase"]
[WhiteTeam "India"]
[BlackTeam "Latvia"]
[WhiteTeamCountry "IND"]
[BlackTeamCountry "LAT"]
[TimeControl "40/5400+30:1800+30"]

1. e4 {(00:00} d6 {(03:10} 2. d4 {(00:09} g6 {(
00:10} 3. Nf3 {(00:49} Bg7 {(00:50} 4. c3 {(00:15} Nf6
{(00:28} 5. Bd3 {(00:06} O-O {(00:51} 6. O-O {(
00:06} c5 {(00:51} 7. h3 {(02:22} Qc7 {(02:29} 8. Re1
{(08:04} e5 {(05:09} 9. Be3 {(07:37} d5 {(37:34]
} 10. dxe5 {(08:54} Nxe4 {(00:16} 11. c4 {(04:04} f5 {
(19:29} 12. cxd5 {(04:27} Bxe5 {(04:02} 13. Nxe5 {
(02:08} Qxe5 {(00:08} 14. Nd2 {(07:17} Nd7 {(14:
42} 15. Qc2 {(10:03} f4 {(01:33} 16. Nxe4 {(01:15}
fxe3 {(00:07} 17. Rxe3 {(00:11} Qg7 {(02:21} 18. Rae1 {
(02:01} Ne5 {(01:30} 19. Nxc5 {(01:43} Nxd3 {(
00:08} 20. Nxd3 {(00:27} Bf5 {(00:11} 21. Qb3 {(00:57}
Bxd3 {(00:38} 22. Rxd3 {(00:25} Rad8 {(00:41} 23. d6+ {
(00:35} Kh8 {(00:12} 24. Re7 {(01:41} Qf6 {(00:
09} 25. Rf3 {(01:25} Qxd6 {(00:51} 26. Qc3+ {(00:21}
1-0

[Event "42nd Olympiad Baku 2016 Women"]
[Site "Baku"]
[Date "2016.09.08"]
[Round "6.30"]
[White "Havlikova, Kristyna"]
[Black "Abdulla, Khayala"]
[Result "1-0"]
[ECO "B48"]
[WhiteElo "2271"]
[BlackElo "2214"]
[Annotator ""]
[PlyCount "81"]
[EventDate "2016.??.??"]
[EventType "team-tourn"]
[EventCountry "AZE"]
[SourceTitle "playchess.com"]
[Source "ChessBase"]
[WhiteTeam "Czech Republic"]
[BlackTeam "Azerbaijan"]
[WhiteTeamCountry "CZE"]
[BlackTeamCountry "AZE"]
[TimeControl "40/5400+30:1800+30"]

1. e4 {(00:00} c5 {(00:00} 2. Nf3 {(00:00} e6 {(
00:00} 3. d4 {(00:00} cxd4 {(00:00} 4. Nxd4 {(00:00}
Nc6 {(00:00} 5. Nc3 {(00:00} Qc7 {(00:11} 6. Be3 {
(00:09} a6 {(01:03} 7. Qd2 {(00:25} Nf6 {(00:29]
} 8. O-O-O {(00:38} Bb4 {(00:36} 9. f3 {(00:13} Ne5 {
(01:23} 10. Nb3 {(00:47} d5 {(03:07} 11. Bd4 {(
00:23} O-O {(00:28} 12. Kb1 {(00:15} dxe4 {(00:40} 13.
Qf4 {(00:16} Bd6 {(01:16} 14. Nxe4 {(00:16} Nxe4 {
(00:42} 15. Qxe4 {(00:07} Ng6 {(01:56} 16. h4 {(
01:22} Bd7 {(05:28} 17. h5 {(00:26} Bc6 {(00:28} 18.
Qe3 {(00:22} Nf4 {(12:23} 19. h6 {(25:50} g6 {(
09:11} 20. Bb6 {(05:45} Qb8 {(01:04} 21. c4 {(07:53}
e5 {(06:00} 22. Nc5 {(04:49} Re8 {(13:29} 23. g3 {
(19:29} Ne6 {(01:25} 24. Nxe6 {(02:04} Rxe6 {(
01:26} 25. c5 {(01:09} Bc7 {(03:37} 26. Bc4 {(00:27}
Rf6 {(01:42} 27. Bd5 {(06:25} Qc8 {(11:30} 28. g4 {
(04:24} Bxd5 {(11:55} 29. Rxd5 {(00:02} Re6 {(
02:32} 30. Rhd1 {(04:26} Bxb6 {(01:49} 31. cxb6 {(00:
06} Qe8 {(02:24} 32. Rd7 {(04:27} Re7 {(01:02} 33. Rc7
{(03:10} Rd8 {(03:25} 34. Rdc1 {(00:19} Qf8 {(
02:04} 35. g5 {(02:37} Qe8 {(02:07} 36. Qe4 {(01:35}
Re6 {(00:35} 37. Qxb7 {(02:18} Rb8 {(00:29} 38. Qxb8 {
(00:26} Qxb8 {(00:02} 39. Rc8+ {(00:05} Re8 {(
00:15} 40. Rxb8 {(00:00} Rxb8 {(00:00} 41. b7 1-0

[Event "42nd Olympiad Baku 2016 Women"]
[Site "Baku"]
[Date "2016.09.08"]
[Round "6.10"]
[White "Heinatz, Gundula"]
[Black "Faruq, Afifa Ayyun"]
[Result "1/2-1/2"]
[ECO "A46"]
[WhiteElo "2205"]
[BlackElo "1667"]
[Annotator ""]
[PlyCount "96"]
[EventDate "2016.??.??"]
[EventType "team-tourn"]
[EventCountry "AZE"]
[SourceTitle "playchess.com"]
[Source "ChessBase"]
[WhiteTeam "Switzerland"]
[BlackTeam "Indonesia"]
[WhiteTeamCountry "SUI"]
[BlackTeamCountry "INA"]
[TimeControl "40/5400+30:1800+30"]

1. d4 {(00:00} Nf6 {(00:00} 2. Nf3 {(00:00} e6 {
(00:15} 3. Bg5 {(00:00} Be7 {(00:13} 4. Nbd2 {(
00:21} d5 {(01:02} 5. e3 {(00:13} b6 {(05:26} 6. Bd3 {
(00:34} Bb7 {(01:36} 7. Ne5 {(00:39} h6 {(08:05]
} 8. Bxf6 {(02:43} Bxf6 {(00:11} 9. f4 {(04:10} O-O {
(03:29} 10. Qe2 {(02:58} c5 {(02:03} 11. c3 {(
00:07} Nc6 {(01:14} 12. O-O {(00:38} Qe7 {(10:42} 13.
Rf3 {(06:19} Bxe5 {(08:04} 14. fxe5 {(00:11} f5 {
(00:47} 15. exf6 {(06:09} Rxf6 {(00:48} 16. Rxf6 {
(00:34} Qxf6 {(00:26} 17. Rf1 {(02:00} Qe7 {(08:
47} 18. Nf3 {(06:01} Rf8 {(01:43} 19. e4 {(05:12} cxd4
{(03:37} 20. exd5 {(04:11} exd5 {(00:49} 21. Qxe7 {
(00:14} Nxe7 {(00:08} 22. Nxd4 {(00:04} Rxf1+ {(
01:47} 23. Kxf1 {(00:05} Nc6 {(05:18} 24. Nf5 {(06:04}
Ne5 {(02:56} 25. Bc2 {(05:55} Ba6+ {(05:33} 26. Kf2 {
(02:04} Kf7 {(03:50} 27. b3 {(06:45} Kf6 {(02:
11} 28. Ne3 {(06:31} Bb7 {(01:45} 29. h3 {(01:54} Bc6
{(02:17} 30. g3 {(02:03} Bb7 {(01:05} 31. Ng2 {(
06:05} Nf7 {(02:59} 32. Nf4 {(01:28} g5 {(01:34} 33.
Nh5+ {(03:01} Ke5 {(00:14} 34. Ke3 {(00:13} Nd6 {
(00:36} 35. a4 {(02:18} Bc8 {(04:37} 36. g4 {(
00:36} Ba6 {(00:46} 37. Ng3 {(00:11} Bc8 {(01:23} 38.
Bd3 {(02:51} Bd7 {(00:20} 39. Bg6 {(01:52} Nb7 {
(00:30} 40. Ne2 {(00:00} Nc5 {(00:00} 41. Nd4 {(
05:04} Nb7 {(07:49} 42. Nf3+ {(03:49} Kd6 {(00:22} 43.
Nd4 {(08:42} Nc5 {(03:38} 44. Bc2 {(02:07} Ke5 {
(02:02} 45. Nf3+ {(02:34} Kd6 {(00:24} 46. Nd4 {
(00:43} Ke5 {(00:29} 47. Nf3+ {(00:58} Kd6 {(00:
14} 48. Nd4 {(01:01} Ke5 {(00:12] Ke4+} 1/2-1/2

[Event "42nd Olympiad Baku 2016 Women"]
[Site "Baku"]
[Date "2016.09.08"]
[Round "6.20"]
[White "Hng, Mei-En Emmanuelle"]
[Black "Hallaeva, Bahar"]
[Result "0-1"]
[ECO "C21"]
[WhiteElo "1883"]
[BlackElo "2103"]
[Annotator ""]
[PlyCount "71"]
[EventDate "2016.??.??"]
[EventType "team-tourn"]
[EventCountry "AZE"]
[SourceTitle "playchess.com"]
[Source "ChessBase"]
[WhiteTeam "Singapore"]
[BlackTeam "Turkmenistan"]
[WhiteTeamCountry "SIN"]
[BlackTeamCountry "TKM"]
[TimeControl "40/5400+30:1800+30"]

1. e4 {(00:00} e5 {(00:00} 2. d4 {(00:00} exd4 {
(00:00} 3. c3 {(00:04} d3 {(04:11} 4. Bxd3 {(04:
15} Nc6 {(00:58} 5. Nf3 {(01:18} d6 {(03:16} 6. h3 {
(10:30} Nf6 {(02:36} 7. O-O {(00:26} Ne5 {(12:
56} 8. Bc2 {(07:15} Be7 {(07:39} 9. Nxe5 {(03:35} dxe5
{(00:02} 10. Qe2 {(00:22} c6 {(02:21} 11. Nd2 {(
06:02} Qc7 {(07:34} 12. a4 {(07:44} O-O {(04:50} 13.
Nc4 {(03:23} Be6 {(09:12} 14. Bg5 {(06:56} Rad8 {
(13:05} 15. a5 {(10:23} Rd7 {(07:13} 16. b4 {(
04:34} Rfd8 {(03:06} 17. Be3 {(02:47} Qb8 {(00:07} 18.
Rfb1 {(03:53} Ne8 {(03:06} 19. Nd2 {(07:39} Nc7 {
(02:37} 20. c4 {(04:25} Na6 {(06:57} 21. Ra4 {(
02:14} c5 {(01:02} 22. bxc5 {(05:01} Nxc5 {(01:37} 23.
Ra2 {(00:55} Qc7 {(00:23} 24. Nf3 {(01:38} f6 {(
00:41} 25. Rab2 {(01:49} Qxa5 {(03:15} 26. Bxc5 {(00:
32} Qxc5 {(00:44} 27. Rxb7 {(00:32} Bxc4 {(02:07} 28.
Bb3 {(00:42} Bxb3 {(00:09} 29. R7xb3 {(00:19} Qc6 {
(00:40} 30. Nh4 {(01:26} Rd2 {(01:43} 31. Qg4 {(
00:30} Bf8 {(00:37} 32. Nf5 {(01:06} Kh8 {(00:33} 33.
Rg3 {(01:42} Qd7 {(00:33} 34. Rbb3 {(02:25} g6 {
(00:34} 35. Rbf3 {(00:34} Bg7 {(00:31} 36. Ne3 0-1

[Event "42nd Olympiad Baku 2016 Women"]
[Site "Baku"]
[Date "2016.09.08"]
[Round "6.18"]
[White "Hoang, Thi Bao Tram"]
[Black "Zawadzka, Jolanta"]
[Result "1-0"]
[ECO "E97"]
[WhiteElo "2325"]
[BlackElo "2429"]
[Annotator ""]
[PlyCount "95"]
[EventDate "2016.??.??"]
[EventType "team-tourn"]
[EventCountry "AZE"]
[SourceTitle "playchess.com"]
[Source "ChessBase"]
[WhiteTeam "Vietnam"]
[BlackTeam "Poland"]
[WhiteTeamCountry "VIE"]
[BlackTeamCountry "POL"]
[TimeControl "40/5400+30:1800+30"]

1. d4 {(00:00} Nf6 {(00:00} 2. Nf3 {(00:29} g6 {
(00:00} 3. c4 {(00:58} Bg7 {(00:00} 4. Nc3 {(00:
27} O-O {(00:13} 5. e4 {(01:13} d6 {(00:07} 6. Be2 {
(01:16} e5 {(00:28} 7. O-O {(01:01} Nc6 {(00:22]
} 8. d5 {(02:05} Ne7 {(00:14} 9. b4 {(03:10} a5 {
(03:22} 10. Ba3 {(02:19} b6 {(01:59} 11. bxa5 {(
03:03} Nh5 {(06:43} 12. Nd2 {(03:49} Nf4 {(01:14} 13.
Bf3 {(01:42} Rxa5 {(08:54} 14. Bb4 {(03:35} Ra8 {
(00:30} 15. Nb3 {(01:45} f5 {(09:01} 16. a4 {(
07:53} fxe4 {(16:12} 17. Nxe4 {(02:19} Nf5 {(04:29}
18. g3 {(02:31} Nh3+ {(02:03} 19. Kh1 {(00:57} Ng5 {
(03:29} 20. Nxg5 {(04:42} Qxg5 {(00:12} 21. Bg2 {
(00:57} e4 {(12:59} 22. Ra2 {(03:54} e3 {(01:03]
} 23. fxe3 {(17:52} Qxe3 {(07:32} 24. Re1 {(05:20} Qg5
{(01:48} 25. a5 {(03:34} bxa5 {(02:05} 26. Rxa5 {
(06:06} Rb8 {(00:31} 27. Bd2 {(01:53} Nxg3+ {(
01:09} 28. hxg3 {(01:52} Qxg3 {(00:10} 29. Re3 {(03:28]
} Qh4+ {(00:10} 30. Kg1 {(00:14} Rxb3 {(05:35} 31. Be1
{(02:40} Qd4 {(08:56} 32. Qxb3 {(00:55} Bh6 {(
00:02} 33. Ra3 {(01:25} Bxe3+ {(01:59} 34. Qxe3 {(00:
11} Qxc4 {(00:05} 35. Rc3 {(03:29} Qg4 {(00:03} 36.
Rxc7 {(01:12} Bd7 {(00:49} 37. Qg3 {(01:23} Qd4+ {
(01:55} 38. Kh2 {(00:56} Rf7 {(00:58} 39. Qxd6 {
(01:46} Qg4 {(00:10} 40. Qg3 {(00:00} Qf5 {(00:
00} 41. Ra7 {(05:29} Re7 {(08:48} 42. Ra8+ {(06:40}
Kf7 {(00:32} 43. Qh4 {(01:18} h5 {(01:05} 44. Bb4 {
(01:24} Qe5+ {(01:35} 45. Kh1 {(00:08} Re8 {(00:
22} 46. Rxe8 {(02:12} Qxe8 {(01:04} 47. Qf4+ {(00:36}
Kg8 {(00:09} 48. Qf6 {(00:26} 1-0

[Event "42nd Olympiad Baku 2016 Women"]
[Site "Baku"]
[Date "2016.09.08"]
[Round "6.25"]
[White "Ishizuka, Mirai"]
[Black "dos Ramos, Rosangela"]
[Result "0-1"]
[ECO "B06"]
[WhiteElo "1778"]
[BlackElo "1821"]
[Annotator ""]
[PlyCount "52"]
[EventDate "2016.??.??"]
[EventType "team-tourn"]
[EventCountry "AZE"]
[SourceTitle "playchess.com"]
[Source "ChessBase"]
[WhiteTeam "Japan"]
[BlackTeam "Surinam"]
[WhiteTeamCountry "JPN"]
[BlackTeamCountry "SUR"]
[TimeControl "40/5400+30:1800+30"]

1. e4 {(00:00} g6 {(00:00} 2. d4 {(00:25} Bg7 {(
00:00} 3. Nf3 {(00:24} d6 {(00:00} 4. Be3 {(00:31} a6
{(00:17} 5. Nc3 {(01:40} Nd7 {(00:26} 6. Qd2 {(
00:20} b5 {(00:27} 7. Bd3 {(01:40} Bb7 {(00:40} 8. h4
{(10:55} h5 {(03:49} 9. O-O-O {(07:56} c5 {(11:
52} 10. dxc5 {(06:56} Nxc5 {(02:13} 11. Kb1 {(08:29}
Qc7 {(06:08} 12. Ng5 {(04:06} Nf6 {(10:47} 13. f3 {
(03:18} O-O {(03:30} 14. Be2 {(00:47} b4 {(05:
32} 15. Nd5 {(00:07} Nxd5 {(03:32} 16. exd5 {(00:11}
Na4 {(02:37} 17. Bd4 {(01:30} Bxd4 {(07:00} 18. Qxd4 {
(00:06} Rac8 {(00:22} 19. Rd2 {(02:43} Qa5 {(07:
01} 20. g4 {(08:13} Nc3+ {(03:22} 21. bxc3 {(08:11}
bxc3 {(00:11} 22. Ne4 {(11:46} cxd2 {(06:25} 23. Bc4 {
(03:31} Qb4+ {(01:24} 24. Ka1 {(07:41} Rxc4 {(
07:18} 25. Qe3 {(01:02} Rxc2 {(01:15} 26. Rb1 {(01:56}
d1=Q {(03:00} 0-1

[Event "42nd Olympiad Baku 2016 Women"]
[Site "Baku"]
[Date "2016.09.08"]
[Round "6.31"]
[White "Jacimovic, Sara"]
[Black "Maisuradze, Nino"]
[Result "1/2-1/2"]
[ECO "B41"]
[WhiteElo "1992"]
[BlackElo "2256"]
[Annotator ""]
[PlyCount "81"]
[EventDate "2016.??.??"]
[EventType "team-tourn"]
[EventCountry "AZE"]
[SourceTitle "playchess.com"]
[Source "ChessBase"]
[WhiteTeam "Bosnia  Herzegovina"]
[BlackTeam "France"]
[WhiteTeamCountry "BIH"]
[BlackTeamCountry "FRA"]
[TimeControl "40/5400+30:1800+30"]

1. e4 {(00:00} c5 {(00:00} 2. Nf3 {(00:00} e6 {(
00:00} 3. d4 {(00:00} cxd4 {(00:00} 4. Nxd4 {(00:06}
a6 {(00:00} 5. c4 {(00:54} Nc6 {(00:54} 6. Nc3 {
(00:35} Qc7 {(01:40} 7. Be2 {(01:09} Bc5 {(04:
30} 8. Be3 {(03:12} d6 {(07:25} 9. Qd2 {(02:51} Nf6 {
(02:10} 10. O-O {(02:37} O-O {(03:26} 11. f4 {(
13:31} Rd8 {(10:47} 12. Rac1 {(15:21} Bd7 {(09:39} 13.
Kh1 {(01:54} Rac8 {(01:54} 14. Nxc6 {(06:02} Bxc6 {
(02:03} 15. Bf3 {(04:33} b6 {(10:01} 16. a3 {(
02:54} Qb7 {(01:18} 17. b4 {(01:02} Bxe3 {(00:21} 18.
Qxe3 {(00:07} b5 {(03:44} 19. cxb5 {(04:21} axb5 {
(00:43} 20. e5 {(11:33} dxe5 {(11:37} 21. fxe5 {
(08:52} Nd5 {(02:32} 22. Qf2 {(03:48} Nxc3 {(14:
40} 23. Rxc3 {(00:28} Bxf3 {(00:13} 24. Rxf3 {(01:14}
Rd7 {(00:04} 25. Qh4 {(02:03} Qc7 {(03:23} 26. Qg5 {
(02:43} Qc4 {(02:36} 27. h3 {(01:26} Qe4 {(01:
16} 28. Rg3 {(01:20} g6 {(00:51} 29. Rg4 {(03:55} Qe2
{(00:33} 30. Qf6 {(01:04} Rc4 {(01:02} 31. Rg3 {
(01:00} Qe4 {(01:35} 32. Kh2 {(01:41} Qh4 {(01:
17} 33. Qf2 {(00:45} Qd4 {(01:08} 34. Qf6 {(00:23} Qh4
{(01:08} 35. Qf2 {(00:21} Re4 {(00:48} 36. Qc5 {
(00:39} Qe7 {(02:04} 37. Qxb5 {(00:43} Rd5 {(00:
28} 38. Qb8+ {(00:44} Rd8 {(00:30} 39. Qb5 {(00:16}
Rd5 {(00:12} 40. Qb8+ {(00:00} Rd8 {(00:00} 41. Qb5 {
(16:13} 1/2-1/2

[Event "42nd Olympiad Baku 2016 Women"]
[Site "Baku"]
[Date "2016.09.08"]
[Round "6.31"]
[White "Jacobs, Annelaine"]
[Black "Moraga, Maria"]
[Result "0-1"]
[ECO "C62"]
[WhiteElo "1679"]
[BlackElo "1732"]
[Annotator ""]
[PlyCount "90"]
[EventDate "2016.??.??"]
[EventType "team-tourn"]
[EventCountry "AZE"]
[SourceTitle "playchess.com"]
[Source "ChessBase"]
[WhiteTeam "ARU"]
[BlackTeam "Nicaragua"]
[BlackTeamCountry "NCA"]
[TimeControl "40/5400+30:1800+30"]

1. e4 {(00:00} e5 {(00:00} 2. Nf3 {(00:00} Nc6 {
(00:00} 3. Bb5 {(00:04} d6 {(01:23} 4. h3 {(00:
38} Nf6 {(01:19} 5. d3 {(02:51} h6 {(01:27} 6. O-O {
(00:20} Bd7 {(01:24} 7. Be3 {(01:30} Be7 {(02:
29} 8. Nbd2 {(01:18} O-O {(02:11} 9. Re1 {(07:47} Re8
{(00:48} 10. c3 {(13:34} Bf8 {(02:36} 11. Nf1 {(
11:37} d5 {(00:54} 12. Ng3 {(08:57} a6 {(04:56} 13.
Ba4 {(02:41} d4 {(16:09} 14. cxd4 {(00:55} exd4 {
(00:07} 15. Nxd4 {(08:54} Nb4 {(04:57} 16. Bc2 {
(04:17} c5 {(00:52} 17. Nf3 Bb5 {(00:29} 18. d4 {
(05:43} cxd4 {(02:46} 19. Bxd4 {(00:21} Rc8 {(
01:13} 20. Bb3 {(03:56} Nd3 {(07:25} 21. Re3 {(00:58}
Nf4 {(03:43} 22. a4 {(09:55} Bc6 {(00:27} 23. Ne5 {
(02:56} Ne6 {(01:23} 24. Nxc6 {(04:11} Rxc6 {(
00:22} 25. Bxf6 {(00:46} Qxf6 {(04:52} 26. e5 {(03:10}
Qd8 {(01:22} 27. Qxd8 {(00:31} Rxd8 {(00:14} 28. Bxe6 {
(01:23} Rxe6 {(00:43} 29. Kh2 {(04:05} Rd2 {(00:
48} 30. Rb3 {(01:09} Rxf2 {(00:27} 31. Rxb7 {(00:22}
Rxe5 {(00:32} 32. Rf1 {(00:30} Rxf1 {(00:22} 33. Nxf1 {
(00:10} Bd6 {(00:34} 34. Kg1 {(00:55} Bc5+ {(00:
43} 35. Kh2 {(00:23} Re1 {(00:39} 36. Ng3 {(00:39} Bd6
{(03:40} 37. Rb3 {(00:27} Re4 {(00:47} 38. Rd3 {
(00:34} Be5 {(00:20} 39. Rd5 {(00:26} Re3 {(00:
13} 40. Rxe5 {(00:00} Rxe5 {(00:00} 41. Kg1 {(01:07}
Re3 {(00:38} 42. Nf5 {(08:09} Rb3 {(00:22} 43. Nd4 {
(02:51} Rxb2 {(00:37} 44. Nc6 {(00:20} Kf8 {(02:
26} 45. Kf1 {(01:24} Ke8 {(00:40} 0-1

[Event "42nd Olympiad Baku 2016 Women"]
[Site "Baku"]
[Date "2016.09.08"]
[Round "6.10"]
[White "Jalaluldeen, Kareen Kamal J"]
[Black "Bakalarz, Grazyna"]
[Result "1/2-1/2"]
[ECO "D58"]
[WhiteElo "1824"]
[BlackElo "1953"]
[Annotator ""]
[PlyCount "70"]
[EventDate "2016.??.??"]
[EventType "team-tourn"]
[EventCountry "AZE"]
[SourceTitle "playchess.com"]
[Source "ChessBase"]
[WhiteTeam "Iraq"]
[BlackTeam "Luxembourg"]
[WhiteTeamCountry "IRQ"]
[BlackTeamCountry "LUX"]
[TimeControl "40/5400+30:1800+30"]

1. d4 {(00:00} Nf6 {(00:00} 2. c4 {(00:00} e6 {(
00:00} 3. Nc3 {(00:07} d5 {(00:00} 4. Bg5 {(00:29} Be7
{(00:28} 5. Nf3 {(00:51} O-O {(01:07} 6. e3 {(
00:15} h6 {(02:36} 7. Bh4 {(00:18} b6 {(02:10} 8. Bd3
{(05:21} Bb7 {(03:38} 9. O-O {(01:34} Nbd7 {(04:
19} 10. Qe2 {(04:05} c5 {(04:15} 11. Rfd1 {(10:07} Ne4
{(07:03} 12. Bg3 {(09:58} Nxg3 {(04:28} 13. hxg3 {
(00:06} a6 {(17:32} 14. cxd5 {(06:10} exd5 {(00:
46} 15. dxc5 {(09:14} bxc5 {(01:38} 16. Nxd5 {(07:05}
Bxd5 {(02:10} 17. Bf5 {(00:26} Nb6 {(06:57} 18. Be4 {
(19:16} Bxe4 {(01:27} 19. Rxd8 {(00:25} Rfxd8 {(
00:57} 20. Rd1 {(02:08} Rxd1+ {(01:04} 21. Qxd1 {(00:
02} Rd8 {(05:45} 22. Qb3 {(00:43} Bxf3 {(08:19} 23.
gxf3 {(02:43} Rd6 {(03:30} 24. e4 {(03:34} c4 {(
02:02} 25. Qc2 {(00:24} Rd4 {(02:19} 26. Qc3 {(04:07}
Bf6 {(03:08} 27. Qa5 {(01:12} Rd1+ {(00:42} 28. Kg2 {
(00:16} Bd4 {(03:39} 29. f4 {(04:24} Kh7 {(03:
08} 30. a4 {(01:35} Rd3 {(02:03} 31. Qf5+ {(00:57} Kg8
{(01:06} 32. a5 {(00:27} Na4 {(01:23} 33. Qc8+ {
(00:27} Kh7 {(00:17} 34. Qf5+ {(00:45} Kg8 {(00:
05} 35. Qc8+ {(00:10} Kh7 {(00:02} 1/2-1/2

[Event "42nd Olympiad Baku 2016 Women"]
[Site "Baku"]
[Date "2016.09.08"]
[Round "6.12"]
[White "Jambo, Linda"]
[Black "Lee Lok Yi"]
[Result "1-0"]
[ECO "B00"]
[WhiteElo "1561"]
[BlackElo "1497"]
[Annotator ""]
[PlyCount "87"]
[EventDate "2016.??.??"]
[EventType "team-tourn"]
[EventCountry "AZE"]
[SourceTitle "playchess.com"]
[Source "ChessBase"]
[WhiteTeam "MAW"]
[BlackTeam "Hong Kong"]
[BlackTeamCountry "HKG"]
[TimeControl "40/5400+30:1800+30"]

1. e4 {(00:00} b6 {(00:00} 2. d4 {(00:00} e6 {(
00:00} 3. Nf3 {(00:00} Bb7 {(00:00} 4. Bd3 {(00:06}
Nf6 {(00:11} 5. e5 {(01:09} Nd5 {(00:31} 6. a3 {
(00:27} c5 {(01:20} 7. c3 {(00:46} Nc6 {(03:36}
8. O-O {(00:16} Be7 {(01:20} 9. c4 {(00:51} Nc7 {
(01:57} 10. d5 {(00:24} exd5 {(00:41} 11. cxd5 {
(09:40} Nxd5 {(00:29} 12. Be4 {(22:41} Nc7 {(01:
32} 13. Nc3 {(00:37} O-O {(03:15} 14. Re1 {(12:31} Rb8
{(07:51} 15. Qd3 {(16:14} h6 {(04:37} 16. Be3 {(
08:49} d6 {(15:18} 17. exd6 {(01:30} Bxd6 {(00:44} 18.
Rad1 {(03:03} Be7 {(02:26} 19. Qb1 {(01:51} Qe8 {
(02:18} 20. Bf4 {(00:49} Rc8 {(03:34} 21. Bd6 {(
05:22} Ne6 {(05:18} 22. Nb5 {(04:16} Na5 {(12:12} 23.
Nxa7 {(03:16} Ra8 {(05:10} 24. Bxb7 {(01:43} Nxb7 {
(00:48} 25. Bxe7 {(00:16} Qxe7 {(01:18} 26. Nc6 {
(00:33} Qc7 {(04:19} 27. Nce5 {(00:19} Rfd8 {(
00:48} 28. h3 {(00:57} Na5 {(03:44} 29. b4 {(01:47}
Nc6 {(01:16} 30. Nxc6 {(00:56} Qxc6 {(00:25} 31. bxc5 {
(01:04} bxc5 {(03:07} 32. Qc1 {(01:08} c4 {(01:
18} 33. Ne5 {(00:29} Qa6 {(05:55} 34. Qxc4 {(01:42}
Qxa3 {(02:16} 35. Rxd8+ {(00:37} Rxd8 {(00:23} 36. f4 {
(00:43} Qa7+ {(01:26} 37. Kh2 {(00:32} Rd4 {(01:
56} 38. Qc8+ {(00:27} Rd8 {(00:31} 39. Qc1 {(00:46}
Qd4 {(02:13} 40. Kg3 {(00:00} f6 {(00:00} 41. Nc6 {
(02:18} Qd3+ {(05:17} 42. Re3 {(06:27} Qg6+ {(
01:17} 43. Kh2 {(00:44} Nxf4 {(00:55} 44. Ne7+ 1-0

[Event "42nd Olympiad Baku 2016 Women"]
[Site "Baku"]
[Date "2016.09.08"]
[Round "6.20"]
[White "James, Shemilah"]
[Black "Jule, Alexandra"]
[Result "0-1"]
[ECO "B28"]
[WhiteElo "1495"]
[BlackElo "2000"]
[Annotator ""]
[PlyCount "78"]
[EventDate "2016.??.??"]
[EventType "team-tourn"]
[EventCountry "AZE"]
[SourceTitle "playchess.com"]
[Source "ChessBase"]
[WhiteTeam "TTO"]
[BlackTeam "Australia"]
[BlackTeamCountry "AUS"]
[TimeControl "40/5400+30:1800+30"]

1. e4 {(00:00} c5 {(00:00} 2. Nf3 {(00:00} a6 {(
00:00} 3. d4 {(00:13} cxd4 {(00:00} 4. Nxd4 {(00:16}
Nf6 {(00:00} 5. Nc3 {(00:07} e5 {(00:04} 6. Nb3 {
(01:42} Bb4 {(00:08} 7. Bd3 {(11:57} d5 {(01:30]
} 8. O-O {(11:26} Bxc3 {(07:23} 9. bxc3 {(00:24} dxe4 {
(00:12} 10. Bc4 {(01:55} Qc7 {(00:51} 11. Be2 {(
08:54} O-O {(02:10} 12. Bg5 {(10:08} Nbd7 {(06:04} 13.
c4 {(05:19} h6 {(06:28} 14. Be3 {(05:05} Rd8 {(
15:02} 15. Qc1 {(05:49} Nf8 {(01:48} 16. Qb2 {(03:33}
Bg4 {(03:33} 17. Bxg4 {(03:18} Nxg4 {(00:02} 18. Bc5 {
(02:17} Ne6 {(02:56} 19. Qa3 {(02:57} Nd4 {(06:
25} 20. Bxd4 {(03:30} exd4 {(00:12} 21. g3 {(01:09}
Qxc4 {(04:39} 22. Qc5 {(04:39} Rac8 {(05:57} 23. Qxc4 {
(01:07} Rxc4 {(00:02} 24. Nd2 {(00:24} Rxc2 {(
00:18} 25. Nxe4 {(01:00} f5 {(01:48} 26. h3 {(01:04}
Ne5 {(02:10} 27. f4 {(00:51} fxe4 {(03:15} 28. fxe5 {
(00:34} Re8 {(00:08} 29. Rad1 {(00:56} d3 {(00:
23} 30. Rfe1 {(01:23} Rxe5 {(00:34} 31. Re3 {(01:28}
Rxa2 {(01:34} 32. Kf1 {(01:36} Kf7 {(03:12} 33. Ke1 {
(01:23} Ke6 {(00:23} 34. g4 {(00:47} Kd5 {(00:
19} 35. Rb1 {(01:33} Kd4 {(00:21} 36. Rg3 {(00:41} Rb5
{(01:23} 37. Rxb5 {(01:14} axb5 {(00:01} 38. g5 {
(00:29} h5 {(00:27} 39. g6 {(00:18} e3 {(00:06}
0-1